 Dungeon Crawl Stone Soup version 0.20-a0-1040-gfd09691 (webtiles) character file.

7731 nubinia the Arsonist (level 11, -2/60 HPs)
             Began as a Gargoyle Fire Elementalist on Apr 23, 2017.
             Was a Priest of Sif Muna.
             Killed from afar by an orc sorcerer (25 damage)
             ... with a bolt of fire
             ... on level 9 of the Dungeon.
             The game lasted 01:04:23 (13250 turns).

nubinia the Arsonist (Gargoyle Fire Elementalist)  Turns: 13250, Time: 01:04:24

Health: -2/60      AC: 13    Str: 13    XL:     11   Next: 19%
Magic:  12/20      EV: 12    Int: 25    God:    Sif Muna [***...]
Gold:   375        SH:  0    Dex: 10    Spells: 10/25 levels left

rFire    . . .     SeeInvis .   D - +4 whip (venom)
rCold    . . .     Gourm    .   (no shield)
rNeg     + . .     Faith    .   N - +1 robe {MR+}
rPois    ∞         Spirit   .   (no helmet)
rElec    +         Reflect  .   (no cloak)
rCorr    .         Harm     .   L - +0 pair of gloves
MR       +....                  B - +0 pair of boots
Stlth    ++........             (no amulet)
Regen    0.2/turn               a - +5 ring of intelligence
MPRegen  0.2/turn               (no ring)

@: divine energy
A: big wings, talons 1, clever 1, low mp 1, negative energy resistance 1,
electricity resistance, unbreathing, petrification resistance, rot immunity, AC
+7
a: Fly, Stop Divine Energy, Channel Magic, Renounce Religion


You were on level 9 of the Dungeon.
You worshipped Sif Muna.
Sif Muna was most pleased with you.
You were hungry.

You visited 2 branches of the dungeon, and saw 11 of its levels.
You also visited: Ossuary.

You collected 375 gold pieces.

Inventory:

Hand Weapons
 p - a +0 mace of electrocution
 A - the +6 trident "Cija" {speed, rPois}
   (You found it on level 6 of the Dungeon)

   Attacks with this weapon are significantly faster.
   It protects you from poison.
 D - a +4 whip of venom (weapon)
Armour
 u - a +1 leather armour
 y - a +0 robe of cold resistance
 B - a +0 pair of boots (worn)
 K - a +2 shield
 L - a +0 pair of gloves (worn)
 N - a +1 robe of magic resistance (worn)
Magical Staves
 o - an uncursed staff of earth
 w - an uncursed staff of summoning
Jewellery
 a - a +5 ring of intelligence (left hand)
Wands
 F - a wand of enslavement (12/24)
 H - a wand of iceblast (8/15)
Scrolls
 d - 2 scrolls of identify
 f - 2 scrolls of remove curse
 l - a scroll of recharging
 m - 3 scrolls of amnesia
 n - 6 scrolls of teleportation
 q - 2 scrolls of fear
 r - 2 scrolls of blinking
 x - 2 scrolls of enchant armour
 G - 2 scrolls of enchant weapon
 I - a scroll of magic mapping
Potions
 e - a potion of degeneration {unknown}
 g - a potion of might
 h - 2 potions of lignification
 i - 4 potions of ambrosia
 j - 2 potions of flight
 s - 3 potions of magic
 t - a potion of resistance
 v - 3 potions of haste
 z - a potion of agility
 C - 3 potions of brilliance
 E - 3 potions of curing
 O - a potion of heal wounds {unknown}
Books
 b - a book of Flames

   Spells                             Type                      Level
   a - Flame Tongue                   Conjuration/Fire             1
   b - Throw Flame                    Conjuration/Fire             2
   c - Conjure Flame                  Conjuration/Fire             3
   d - Inner Flame                    Hexes/Fire                   3
   e - Sticky Flame                   Conjuration/Fire             4
   f - Fireball                       Conjuration/Fire             5
Miscellaneous
 M - a lamp of fire
Comestibles
 c - 9 bread rations
 J - a meat ration


   Skills:
 + Level 3.5 Fighting
 + Level 5.1 Maces & Flails
 + Level 1.0 Polearms
 + Level 0.4(3.2) Staves
 * Level 6.8 Armour
 - Level 2.5 Dodging
 + Level 4.6 Stealth
 * Level 7.8 Spellcasting
 * Level 8.3 Conjurations
 * Level 8.5 Fire Magic


You had 10 spell levels left.
You knew the following spells:

 Your Spells              Type           Power        Failure   Level  Hunger
a - Flame Tongue          Conj/Fire      #####        1%          1    None
b - Throw Flame           Conj/Fire      ######       1%          2    None
c - Conjure Flame         Conj/Fire      ######..     1%          3    None
d - Sticky Flame          Conj/Fire      ######..     1%          4    ##.....
e - Fireball              Conj/Fire      ######....   5%          5    #####..


Dungeon Overview and Level Annotations

Branches:
Dungeon (10/15)            Temple (1/1) D:6
   Lair: D:8-11         Orc: D:9-12

Altars:
Ashenzari
Cheibriados
Dithmenos
Elyvilon
Fedhas
Gozag
Hepliaklqana
Kikubaaqudgha
Makhleb
Nemelex Xobeh
Okawaru
Qazlal
Ru
Sif Muna
Trog
Uskayaw
Vehumet
Wu Jian
Xom
Yredelemnul
Zin
The Shining One

Shops:
D:9 ?*


Innate Abilities, Weirdness & Mutations

You are resistant to torment.
Your stone body is resilient. (AC +7)
You are immune to poison.
You resist negative energy. (rN+)
You are resistant to electric shocks. (rElec)
You can survive without breathing.
You are immune to petrification.
You are immune to rotting.
Your large and strong wings let you fly indefinitely.
You have sharp toenails.
Your mind is acute. (Int +2)
Your magical capacity is low. (-10% MP)


Message History

The orc sorcerer hits you but does no damage.
The centaur skeleton hits you.
You climb upwards.
There is a stone staircase leading down here.
Casting: Fireball
Confirm with . or Enter, or press ? or * to list all spells.
Aiming: Sticky Flame
Press: ? - help, Shift-Dir - straight line, f - orc sorcerer
Aim: an orc sorcerer, wielding a dagger and wearing a robe (lightly wounded)
The sticky flame hits the orc sorcerer.
The orc sorcerer is moderately wounded.
The orc sorcerer is covered in liquid flames!
The orc sorcerer burns!
The troll bites you! The troll claws you!
The troll claws you but does no damage. The orc sorcerer casts a spell at you.
The bolt of negative energy misses you.
The orc sorcerer burns!
The orc sorcerer casts a spell at you. The bolt of fire hits you!
You die...

.......#...###...##.....###......
.......#....#.............#......
.......#....#....∩........#......
.......+....#.............#......
.......#+#######.####....##......
#..............#.####....########
#...)..........#................#
#..............#................#
#..............#@...............#
#..............#To..............#
#..............#.....<..........#
#..............#................#
#.........(....#......<.........#
#..............##'####.#####'####
##############...........##.....#
.............#....[......#.......
.............#...........#.......


You could see a troll and an orc sorcerer (burning).

Vanquished Creatures
  A two-headed ogre (D:8)
  2 orc sorcerers
  A troll (D:9)
  A hippogriff (D:7)
  A spriggan (D:8)
  A water moccasin (D:9)
  3 orc warriors
  4 ice beasts
  4 sky beasts
  2 hornet zombies (Ossuary)
  2 black bears
  A necrophage (D:6)
  7 ogres
  2 centaurs
  12 bullfrogs
  A gnoll sergeant (D:8)
  A water moccasin zombie (Ossuary)
  5 scorpions
  6 killer bees
  4 wights (D:9)
  3 centaur zombies
  3 orc priests
  2 jellies (D:9)
  A gnoll shaman (D:5)
  5 hounds
  2 bullfrog zombies
  5 iguanas
  11 orc wizards
  4 worker ants
  3 hound zombies (Ossuary)
  2 hound skeletons
  13 mummies
  2 howler monkey zombies
  4 worker ant zombies (Ossuary)
  13 gnolls
  11 adders
  2 shadow imps
  2 oozes
  6 adder zombies
  A worm (D:4)
  A dart slug (D:1)
  2 leopard geckos
  26 orcs
  7 bats
  7 giant cockroaches
  6 goblins
  7 hobgoblins
  26 jackals
  5 kobolds
  5 quokkas
  3 ball pythons
  5 frilled lizards
  A goblin zombie (D:8)
  A jackal zombie (Ossuary)
  A leopard gecko skeleton (D:8)
  3 leopard gecko zombies
  An orc zombie (D:8)
  2 quokka skeletons
  A quokka zombie (Ossuary)
  13 rats
  A withered plant (Ossuary)
280 creatures vanquished.

Vanquished Creatures (others)
  A withered plant (Ossuary)
1 creature vanquished.

Grand Total: 281 creatures vanquished

Notes
Turn   | Place    | Note
-------+----------+-------------------------------------------
     0 | D:1      | nubinia the Gargoyle Fire Elementalist began the quest for the Orb.
     0 | D:1      | Reached XP level 1. HP: 10/10 MP: 3/3
   312 | D:1      | Reached XP level 2. HP: 15/15 MP: 0/5
   369 | D:1      | Learned a level 2 spell: Throw Flame
   563 | D:1      | Reached XP level 3. HP: 13/20 MP: 1/6
  1359 | D:2      | Reached skill level 1 in Maces & Flails
  1468 | D:2      | Reached XP level 4. HP: 24/24 MP: 4/7
  1473 | D:2      | Learned a level 3 spell: Conjure Flame
  2514 | D:3      | Reached XP level 5. HP: 26/28 MP: 0/8
  3050 | D:3      | Reached skill level 1 in Fighting
  3453 | D:4      | Reached XP level 6. HP: 34/34 MP: 4/10
  3505 | D:4      | Learned a level 4 spell: Sticky Flame
  3693 | D:4      | Found a basalt altar of Yredelemnul.
  4217 | D:4      | Reached skill level 1 in Armour
  4654 | D:4      | Reached XP level 7. HP: 38/38 MP: 0/11
  4778 | D:5      | Entered Level 5 of the Dungeon
  4782 | D:5      | Found a blossoming altar of Fedhas.
  5766 | D:5      | Reached skill level 5 in Fire Magic
  5922 | D:5      | Reached XP level 8. HP: 44/44 MP: 3/13
  6709 | D:5      | Found a blossoming altar of Fedhas.
  6943 | D:6      | Reached skill level 5 in Conjurations
  7292 | D:6      | Got a brightly glowing trident
  7293 | D:6      | Identified the +6 trident "Cija" {speed, rPois} (You found it on level 6 of the Dungeon)
  7467 | D:6      | Found a staircase to the Ecumenical Temple.
  7479 | Temple   | Entered the Ecumenical Temple
  7770 | D:6      | Reached skill level 5 in Spellcasting
  7770 | D:6      | Reached XP level 9. HP: 44/48 MP: 12/16
  7913 | D:6      | Found a deep blue altar of Sif Muna.
  7916 | D:6      | Became a worshipper of Sif Muna the Loreminder
  8001 | D:6      | Found a burning altar of Makhleb.
  8084 | D:6      | Reached skill level 1 in Polearms
  8664 | D:7      | Found a snail-covered altar of Cheibriados.
  9001 | D:7      | Reached * piety under Sif Muna
  9036 | D:7      | Found a radiant altar of Vehumet.
  9273 | D:8      | Found an iron altar of Okawaru.
  9326 | D:8      | Found a sand-covered staircase.
  9331 | Ossuary  | Entered an ossuary
  9355 | Ossuary  | Reached skill level 5 in Armour
  9355 | Ossuary  | Reached XP level 10. HP: 46/54 MP: 9/19
  9493 | Ossuary  | Reached ** piety under Sif Muna
  9807 | Ossuary  | Learned a level 5 spell: Fireball
 10213 | Ossuary  | Gained mutation: You are clumsy. (Dex -2) [potion of mutation]
 10213 | Ossuary  | Gained mutation: You are robust. (+10% HP) [potion of mutation]
 10214 | Ossuary  | Lost mutation: You are clumsy. (Dex -2) [potion of mutation]
 10214 | Ossuary  | Lost mutation: You are robust. (+10% HP) [potion of mutation]
 10214 | Ossuary  | Gained mutation: Your spells are a little easier to cast, but a little less powerful. [potion of mutation]
 10214 | Ossuary  | Gained mutation: Armour fits poorly on your strangely shaped body. [potion of mutation]
 10214 | Ossuary  | Gained mutation: You are partially covered in icy blue scales. (AC +2) [potion of mutation]
 10978 | D:8      | Noticed a two-headed ogre
 11011 | D:8      | Killed a two-headed ogre
 11341 | D:9      | Found a hide-covered altar of Uskayaw.
 11342 | D:9      | Noticed a dagger
 11344 | D:9      | Noticed a hand axe
 11379 | D:9      | Reached skill level 5 in Maces & Flails
 11435 | D:9      | Reached *** piety under Sif Muna
 11841 | D:9      | Found a bloodstained altar of Trog.
 11841 | D:9      | Found a shimmering altar of Xom.
 11862 | D:9      | Found Zakak's Magic Scroll Shoppe.
 11874 | D:9      | Lost mutation: You are partially covered in icy blue scales. (AC +2) [potion of mutation]
 11874 | D:9      | Lost mutation: Your spells are a little easier to cast, but a little less powerful. [potion of mutation]
 11874 | D:9      | Lost mutation: Armour fits poorly on your strangely shaped body. [potion of mutation]
 11874 | D:9      | Gained mutation: Your magical capacity is low. (-10% MP) [potion of mutation]
 11874 | D:9      | Gained mutation: Your mind is acute. (Int +2) [potion of mutation]
 11874 | D:9      | Gained mutation: Your large and strong wings let you fly indefinitely. [potion of mutation]
 11874 | D:9      | Gained mutation: You have sharp toenails. [potion of mutation]
 12202 | D:9      | Reached XP level 11. HP: 60/60 MP: 7/20
 12317 | D:9      | Found Refof's Elemental Accessories.
 12860 | D:10     | Entered Level 10 of the Dungeon
 12930 | D:10     | Noticed an orc sorcerer
 12930 | D:10     | Paralysed by an orc sorcerer for 3 turns
 12936 | D:10     | Noticed a sun demon
 12941 | D:9      | Killed an orc sorcerer
 13156 | D:10     | Noticed an orc sorcerer
 13157 | D:10     | Noticed an orc sorcerer
 13158 | D:10     | Killed an orc sorcerer
 13250 | D:9      | Killed from afar by an orc sorcerer

Vault maps used:
D:1:      tarquinn_simple_flora_water_a
D:3:      first_bread
D:4:      yredelemnul_altar_generic
D:5:      kennysheep_mini, basic_altar
D:6:      lemuel_blue_sif_altar, temple_pool_b, minmay_misc_feat_plants,
          minmay_misc_feat_encased, makhleb_blood_cavern_becter
D:7:      nicolae_overflow_crystal_walls, cheibriados_altar_1
D:8:      kennysheep_ambush_hall, basic_altar, nicolae_ossuary_entry_giza,
          the_bakery
D:9:      grunt_temple_overflow_open, dancing_weapons_uskayaw, serial_shops,
          shop, nicolae_elemental_shop
D:10:     cheibrodos_wizards_tower, grunt_lair_entry_orc_guard_hut, david_orc_4,
          serial_shops, nicolae_shop_crystal
Temple:   regret_index_temple_waves
Ossuary:  ossuary_zaba_flooded

Skill      XL: |  1  2  3  4  5  6  7  8  9 10 |
---------------+-------------------------------+-----
Maces & Flails | 1 2 3 4 5 |  5.1
Dodging        | 2 |  2.5
Fighting       | 1 2 3 |  3.5
Fire Magic     | 4 5 7 8 |  8.5
Stealth        | 3 4 |  4.6
Conjurations   | 2 4 5 6 8 |  8.3
Spellcasting   | 3 5 6 7 |  7.8
Armour         | 1 2 4 5 6 |  6.8
Polearms       | 1 |  1.0
Staves         | |  0.4

Action                   |  1- 3 |  4- 6 |  7- 9 | 10-12 || total
-------------------------+-------+-------+-------+-------++-------
Melee: Club              |    33 |       |       |       ||    33
       Unarmed           |     5 |       |       |       ||     5
       Whip              |    33 |    41 |    89 |   249 ||   412
       Staff             |       |    15 |     2 |       ||    17
       Mace              |       |    60 |    57 |       ||   117
       Trident           |       |       |     4 |       ||     4
 Cast: Flame Tongue      |    36 |    89 |   114 |   134 ||   373
       Throw Flame       |     3 |    20 |    84 |    69 ||   176
       Conjure Flame     |       |     1 |     2 |     2 ||     5
       Sticky Flame      |       |       |     4 |     9 ||    13
       Fireball          |       |       |       |     6 ||     6
Invok: Divine Energy     |       |       |       |     1 ||     1
  Use: Scroll            |     1 |    10 |    14 |     5 ||    30
       Potion            |       |     2 |       |     7 ||     9
 Stab: Sleeping          |     1 |     2 |     1 |     5 ||     9
       Distracted        |       |       |       |     1 ||     1
  Eat: Chunk             |     3 |    11 |    17 |     8 ||    39
       Fruit             |       |       |       |     2 ||     2
       Bread ration      |       |       |       |     1 ||     1
Armor: Robe              |    29 |    44 |       |    62 ||   135
       Leather armour    |       |    15 |    69 |    55 ||   139
Dodge: Dodged            |    56 |   102 |   116 |   143 ||   417
